 Dungeon Crawl Stone Soup version 0.31-a0-232-gb1c03b2570 (webtiles) character file.

Game seed: 15360758861173935240

9 protoss039 the Digger (level 2, 6/20 HPs)
             Began as a Demonspawn Earth Elementalist on July 7, 2023.
             Got out of the dungeon alive.
             The game lasted 00:00:28 (147 turns).

protoss039 the Digger (DsEE)                         Turns: 147, Time: 00:00:29

Health: 6/20       AC:  2    Str:  8    XL:     2   Next: 6%
Magic:  4/5        EV: 12    Int: 16    God:
Gold:   12         SH:  0    Dex: 13    Spells: 4/5 levels left

rFire   . . .        d - +0 sling
rCold   . . .        (no shield)
rNeg    . . .        a - +0 robe
rPois   .            (no helmet)
rElec   .            (no cloak)
rCorr   .            (no gloves)
SInv    .            (no boots)
Will    .....        (no amulet)
Stlth   ++           (no ring)
HPRegen 0.23/turn    (no ring)
MPRegen 0.09/turn

%: no passive effects
@: no status effects
A: weakness stinger 1
a: no special abilities


You escaped.
You visited 1 branch of the dungeon, and saw 1 of its levels.

You collected 12 gold pieces.

Inventory:

Hand Weapons
 d - a +0 sling (weapon)
Armour
 a - a +0 robe (worn)
Potions
 b - a potion of magic
 c - a potion of might {unknown}


   Skills:
 + Level 0.8 Fighting
 - Level 1.7 Dodging
 - Level 1.7 Stealth
 + Level 2.2 Spellcasting
 - Level 0.8 Transmutations
 + Level 2.9 Earth Magic


You had 4 spell levels left.
You knew the following spells:

 Your Spells              Type           Power      Damage    Failure   Level
a - Sandblast             Erth           22%        2d7       6%          1

Your spell library contained the following spells:

 Spells                   Type           Power      Damage    Failure   Level
 Passwall                 Tmut/Erth      5%         N/A       14%         2
 Stone Arrow              Conj/Erth      12%        3d7       32%         3
 Ignite Poison            Fire/Tmut/Pois 2%         N/A       47%         3
 Petrify                  Tmut/Erth      7%         N/A       67%         4
 Alistair's Intoxication  Tmut/Pois      2%         N/A       99%         5
 Shatter                  Erth           5%         3d8*      100%        9


Dungeon Overview and Level Annotations

Branches:
Dungeon (1/15) Zot: 5848

Altars:


Innate Abilities, Weirdness & Mutations

You have a small tail.


Message History

You shoot a sling bullet. The sling bullet hits the dart slug.
The dart slug is heavily wounded.
Fire: d) +0 sling
Press: ? - help, Shift-Dir - straight line, f/p - dart slug
Aim: a dart slug (heavily wounded, 92% to hit)
You shoot a sling bullet.
The sling bullet hits the dart slug but does no damage.
The dart slug is heavily wounded.
The dart slug launches a dart at you. The slug dart hits you.
* * * LOW HITPOINT WARNING * * *
Fire: d) +0 sling
Press: ? - help, Shift-Dir - straight line, f/p - dart slug
Aim: a dart slug (heavily wounded, 92% to hit)
You shoot a sling bullet.
The sling bullet completely misses the dart slug.
Unknown command.
Fire: d) +0 sling
Press: ? - help, Shift-Dir - straight line, f/p - dart slug
Aim: a dart slug (heavily wounded, 92% to hit)
You shoot a sling bullet.
The sling bullet completely misses the dart slug.
The dart slug launches a dart at you. The slug dart hits you.
* * * LOW HITPOINT WARNING * * *
Casting: Sandblast (safe; 6% risk of failure)
Confirm with . or Enter, or press ? or * to list all spells.
Aiming: Sandblast (safe; 6% risk of failure)
Press: ? - help, Shift-Dir - straight line, f/p - dart slug
Aim: a dart slug (heavily wounded, 100% to hit)
The blast of sand hits the dart slug.
You kill the dart slug!
You have reached level 2!
Your demonic ancestry asserts itself...
You grow a small tail.
Unknown command.
You see here a frilled lizard corpse.
There is a staircase leading out of the dungeon here.
Are you sure you want to leave the Dungeon?
This will make you lose the game!
You have escaped!

##......###.......###......##
#....###.............###....#
##...#......#######.....†#...##
#...#.....### ###.....#?†.#
#...#....## ##....#††..)
#...#....## ##....#...##
#...#.....### ###.....#...#
##...#......#######......#...##
#....###......@......###....#
##......###.......###......##
###.......#######.......###
#####.............#####
###############


There were no monsters in sight!

Vanquished Creatures
  A dart slug (D:1)
  2 endoplasms (D:1)
  2 jackals (D:1)
  A frilled lizard (D:1)
  A kobold (D:1)
7 creatures vanquished.

Notes
Turn   | Place    | Note
-------+----------+-------------------------------------------
     0 | D:1      | protoss039 the Demonspawn Earth Elementalist began the
                  | quest for the Orb.
     0 | D:1      | Reached XP level 1. HP: 13/13 MP: 3/3
    14 | D:1      | Got the Commentary on the Shift and the Caves
   135 | D:1      | Gained mutation: You have a small tail. [demonic ancestry]
   135 | D:1      | Reached XP level 2. HP: 4/20 MP: 3/5
   147 | D:$      | Got out of the dungeon alive.

Illustrated notes

Levels and vault maps discovered:
D:1:      dpeg_arrival_oval, layout_basic, minmay_pentomino_t2

Action                     || total
---------------------------++-------
  Melee: Unarmed           ||    11
   Fire: Sling             ||     6
   Cast: Sandblast         ||     6
 Armour: Robe              ||     5
  Dodge: Dodged            ||     6

Table legend: (Time is in decaauts)
 A = Elapsed time spent in this place.
 B = Non-inter-level travel time spent in this place.
 C = Inter-level travel time spent in this place.
 D = Time resting spent in this place.
 E = Time spent auto-exploring this place.
 F = Levels seen in this place.
 G = Mean time per level.
                   A        B        C        D        E       F      G
               +--------+--------+--------+--------+--------+-----+--------+
         Total |    151 |    141 |     10 |     20 |     74 |   1 |  151.0 |
       Dungeon |    151 |    141 |     10 |     20 |     74 |   1 |  151.0 |
               +--------+--------+--------+--------+--------+-----+--------+

Top non-repeatable levels by time:
     D:1: 151 daAuts
